 Dungeon Crawl Stone Soup version 0.16-a0-2040-g47efe85 (webtiles) character file.

221 taraiph the Firebug (level 5, 0/38 HPs)
             Began as a Salamander Fire Elementalist on Nov 12, 2014.
             Succumbed to a gnoll's poison
             ... on level 3 of the Dungeon.
             The game lasted 00:13:37 (3501 turns).

taraiph the Firebug (Salamander Fire Elementalist)  Turns: 3501, Time: 00:13:37

Health: 0/38       AC:  4    Str: 13    XL:     5   Next: 65%
Magic:  7/11       EV: 18    Int: 16    God:
Gold:   114        SH:  0    Dex: 19    Spells: 2 memorised, 4 levels left

rFire  . . .     SeeInvis .     o - +0 spear
rCold  x . .     Clarity  .     a - +0 robe
rNeg   . . .     SustAb   .     (no shield)
rPois  .         Gourm    .     (no helmet)
rElec  .         Spirit   .     (no cloak)
rCorr  .         Warding  .     (no gloves)
rMut   .         Stasis   .     (no barding)
MR     +....                    (no amulet)
Stlth  ++........               (no ring)
                                i - ring of loudness (curse)

@: mighty, agile, lethally poisoned, somewhat resistant to hostile enchantments,
unstealthy
A: fiery attack, magic resistance 1, tough skin 2, cold vulnerability 1
a: no special abilities


You were on level 3 of the Dungeon.
You were not hungry.

You visited 1 branch of the dungeon, and saw 3 of its levels.

You collected 114 gold pieces.

Inventory:

Hand weapons
 o - a +0 spear (weapon)
Armour
 a - a +0 robe (worn)
Jewellery
 i - a cursed ring of loudness (left hand)
Scrolls
 d - 2 scrolls of random uselessness
 f - 2 scrolls of identify
 j - a scroll of remove curse {unknown}
 l - a scroll of blinking
 n - 2 scrolls of magic mapping {unknown}
 p - a scroll of amnesia {unknown}
 r - 2 scrolls of fear {unknown}
 t - 2 scrolls of fog {unknown}
Potions
 g - 2 potions of brilliance
 h - a potion of might
 u - a potion of haste {unknown}
Books
 b - a book of Flames

   Spells                             Type                      Level
   *Flame Tongue                      Conjuration/Fire             1
   Throw Flame                        Conjuration/Fire             2
   *Conjure Flame                     Conjuration/Fire             3
   Inner Flame                        Hexes/Fire                   3
   Sticky Flame                       Conjuration/Fire             4
   Fireball                           Conjuration/Fire             5
Comestibles
 c - 2 bread rations
 k - 2 meat rations
 m - a royal jelly
 s - a slice of pizza


   Skills:
 - Level 2.0 Dodging
 - Level 2.1 Stealth
 - Level 2.1 Spellcasting
 + Level 3.4 Conjurations
 * Level 7.4 Fire Magic


You had 4 spell levels left.
You knew the following spells:

 Your Spells              Type           Power        Failure   Level  Hunger
a - Flame Tongue          Conj/Fire      ###..        2%          1    #......
b - Conjure Flame         Conj/Fire      ###.....     10%         3    ###....


Dungeon Overview and Level Annotations

Branches:
Dungeon (3/15)

Altars:
Dithmenos
Nemelex Xobeh
Ru


Innate Abilities, Weirdness & Mutations

You cannot wear boots.
You have very tough skin (AC +2).
You are vulnerable to cold.
You are resistant to hostile enchantments.


Message History

The gnoll hits you from afar with a glowing halberd!
You are poisoned.
You feel sick.
Drink which item? (? for menu, Esc to quit)
You feel very mighty all of a sudden.
It was a potion of might.
You feel sick. The gnoll hits you with a flail.
You feel sick.
You feel sick.
Drink which item? (? for menu, Esc to quit)
You feel resistant to hostile enchantments.
You feel fantastic!
It was a potion of beneficial mutation.
You feel sick. The gnoll closely misses you.
You feel sick.
The gnoll hits you from afar with a halberd of venom!
* * * LOW HITPOINT WARNING * * *
You are more poisoned.
Drink which item? (? for menu, Esc to quit)
You feel agile all of a sudden.
It was a potion of agility.
You die...

......#### #####.# #..### #.#
###.### #####.### #..# #.# #.#
#.......#####..#####.# #'#
#.###.#.##...........# ... #.#
#.#.##.##.###.#### ....
#.###.#.##.##.###.# # .....
#..##...##.##.##..# #
.......####.......##.##.#...####
......)'......g@...............'
.......####..g##.###.##.#...####
..... ####.###.# #........# #
.... #........# ##....##.# ...
#.######.# #.....#.# #'# #.#
##.# #....##.# #.# #.#
###..####.#.###.# # #.######.#
#...............# ###.##...#.#
#..###.###..#####


You could see 2 gnolls.

Vanquished Creatures
  The ghost of taraiph the Firebug, an average SaFE (D:3)
  4 gnolls (D:3)
  4 adders
  2 worms (D:2)
  A giant gecko (D:3)
  3 giant cockroaches
  6 goblins
  8 hobgoblins
  4 jackals
  2 kobolds (D:2)
  2 quokkas
  3 ball pythons
  10 bats
  3 giant newts
  7 rats
60 creatures vanquished.

Notes
Turn   | Place    | Note
--------------------------------------------------------------
     0 | D:1      | taraiph, the Salamander Fire Elementalist, began the quest for the Orb.
     0 | D:1      | Reached XP level 1. HP: 14/14 MP: 3/3
   633 | D:1      | Reached XP level 2. HP: 5/20 MP: 0/5
  1305 | D:1      | Reached skill level 5 in Fire Magic
  1545 | D:2      | Reached XP level 3. HP: 26/26 MP: 5/7
  1693 | D:2      | Found a shadowy altar of Dithmenos.
  1984 | D:2      | Reached skill level 6 in Fire Magic
  1984 | D:2      | Reached XP level 4. HP: 26/33 MP: 5/8
  2167 | D:2      | Learned a level 3 spell: Conjure Flame
  2622 | D:3      | Found a sparkling altar of Nemelex Xobeh.
  3163 | D:3      | Noticed taraiph's ghost (average SaFE)
  3214 | D:3      | Found a sacrificial altar of Ru.
  3230 | D:3      | Killed taraiph's ghost
  3230 | D:3      | Reached skill level 7 in Fire Magic
  3230 | D:3      | Reached XP level 5. HP: 16/38 MP: 1/11
  3499 | D:3      | Gained mutation: You are resistant to hostile enchantments. [potion of beneficial mutation]
  3501 | D:3      | Succumbed to a gnoll's poison

Action                   |  1- 3 |  4- 6 || total
-------------------------+-------+-------++-------
Melee: Unarmed           |    81 |       ||    81
       Spear             |    34 |    77 ||   111
 Cast: Flame Tongue      |    36 |    37 ||    73
       Conjure Flame     |       |     6 ||     6
  Use: Scroll            |     1 |     2 ||     3
       Potion            |       |     3 ||     3
  Eat: Chunk             |     4 |     4 ||     8
       Meat ration       |       |     1 ||     1
